 Dungeon Sprint DCSS version 0.20-b1-24-gb21faa7 (webtiles) character file.

181 potatolord6000 the Ducker (level 5, -2/46 HPs)
             Began as a Demonspawn Gladiator on May 25, 2017.
             Was an Initiate of Gozag.
             Slain by an unseen horror (4 damage)
             ... in the Dungeon (Sprint IX: "|||||||||||||||||||||||||||||").
             The game lasted 00:01:17 (177 turns).

potatolord6000 the Ducker (Demonspawn Gladiator)     Turns: 177, Time: 00:01:17

Health: -2/46      AC:  9    Str: 15    XL:     5   Next: 34%
Magic:  5/5        EV: 22    Int: 13    God:    Gozag
Gold:   0          SH:  0    Dex: 19    Spells: 4/4 levels left

rFire    . . .     SeeInvis .   c - +2 scimitar (flame)
rCold    . . .     Gourm    .   (no shield)
rNeg     . . .     Faith    .   l - +2 ring mail
rPois    .         Spirit   .   (helmet restricted)
rElec    .         Reflect  .   (no cloak)
rCorr    .         Harm     .   (no gloves)
MR       .....     NoTele   +   a - +0 pair of boots
Stlth    ++........             (no amulet)
Regen    0.2/turn               b - +2 ring of evasion
MPRegen  0.1/turn               m - +3 ring of intelligence

@: agile, very slightly contaminated
A: horns 1, powered by pain 1
a: Potion Petition, Call Merchant, Bribe Branch, Renounce Religion


You were in the Dungeon.
You worshipped Gozag.
Gozag was noncommittal.
You were not hungry.

You visited 1 branch

Inventory:

Hand Weapons
 c - a +2 scimitar of flaming (weapon)
Armour
 a - a +0 pair of boots (worn)
 l - a +2 ring mail (worn)
Jewellery
 b - a +2 ring of evasion (left hand)
 m - a +3 ring of intelligence (right hand)
Scrolls
 h - 3 scrolls of remove curse
 j - 2 scrolls of amnesia
 k - 2 scrolls of blinking
Potions
 g - 4 potions of curing
 i - 4 potions of magic
Comestibles
 f - a bread ration


   Skills:
 + Level 5.7 Fighting
 + Level 5.7 Long Blades
 - Level 1.7 Throwing
 + Level 4.8 Armour
 + Level 5.7 Dodging


You had 4 spell levels left.
You didn't know any spells.

Dungeon Overview and Level Annotations

Branches:
Dungeon (1/1)

Altars:
Cheibriados
Dithmenos
Elyvilon
Fedhas
Gozag
Hepliaklqana
Kikubaaqudgha
Makhleb
Nemelex Xobeh
Okawaru
Qazlal
Ru
Sif Muna
Trog
Uskayaw
Vehumet
Xom
Yredelemnul
Zin
The Shining One
Beogh
Jiyva
Lugonu


Innate Abilities, Weirdness & Mutations

You have a pair of small horns on your head.
You sometimes gain a little power by taking damage.


Message History

You hit something but do no damage.
Something hits you but does no damage. x2
Something barely misses you. The phantom completely misses you.
You miss something. You headbutt something. Something barely misses you.
Something hits you. The phantom misses you.
You hit something. You burn something. You headbutt something.
You flicker back into view.
Something hits you!
* * * LOW HITPOINT WARNING * * *
Something completely misses you.
The phantom blinks!
Something barely misses you. Something hits you.
* * * LOW HITPOINT WARNING * * *
You see here a +0 leather armour.
Something misses you. Something barely misses you.
You hit something. You burn something. Your headbutt misses something.
Something hits you.
* * * LOW HITPOINT WARNING * * *
Something hits you.
You die...
Your body crumbles into a pile of gold.

▓_▓
$
▓_▓
▓'▓
$
▓.▓
$
▓.▓
$
▓/▓
$
▓)▓
$
▓[▓
▓@▓
$
▓[▓
▓F▓
$
▓o▓
▓$▓
$
▓W▓
▓.▓
$
▓.▓
$
▓.▓
$


You could see a phantom, a bullfrog and an orc.

Vanquished Creatures
  A centaur (D)
  A bullfrog (D)
  An orc priest (D)
  An adder (D)
  An orc (D)
  A bat (D)
  A bat zombie (D)
  A quokka (D)
  A frilled lizard (D)
  3 rats (D)
12 creatures vanquished.

Notes
Turn   | Place    | Note
-------+----------+-------------------------------------------
     0 | D        | potatolord6000 the Demonspawn Gladiator began the quest for the Orb.
     0 | D        | Reached XP level 1. HP: 16/16 MP: 1/1
    19 | D        | Reached skill level 1 in Armour
    56 | D        | Noticed an orc priest
    56 | D        | Noticed a centaur
    66 | D        | Gained mutation: You have a pair of small horns on your head. [demonic ancestry]
    66 | D        | Reached XP level 2. HP: 23/23 MP: 2/2
    68 | D        | Reached XP level 3. HP: 29/29 MP: 3/3
    72 | D        | Killed a centaur
    72 | D        | Reached skill level 5 in Long Blades
    72 | D        | Reached skill level 5 in Dodging
    72 | D        | Reached XP level 4. HP: 38/38 MP: 4/4
    77 | D        | Found a roughly hewn altar of Beogh.
    77 | D        | Found a snail-covered altar of Cheibriados.
    77 | D        | Found a shadowy altar of Dithmenos.
    77 | D        | Found a white marble altar of Elyvilon.
    77 | D        | Found a blossoming altar of Fedhas.
    77 | D        | Found an opulent altar of Gozag.
    78 | D        | Found a hazy altar of Hepliaklqana.
    79 | D        | Found a viscous altar of Jiyva.
    80 | D        | Found an ancient bone altar of Kikubaaqudgha.
    81 | D        | Found a corrupted altar of Lugonu.
    82 | D        | Found a burning altar of Makhleb.
    83 | D        | Found a sparkling altar of Nemelex Xobeh.
    84 | D        | Found an iron altar of Okawaru.
    85 | D        | Found a stormy altar of Qazlal.
    87 | D        | Became a worshipper of Gozag Ym Sagoz the Greedy
    89 | D        | Found a sacrificial altar of Ru.
    90 | D        | Found a deep blue altar of Sif Muna.
    91 | D        | Found a bloodstained altar of Trog.
    92 | D        | Found a hide-covered altar of Uskayaw.
    93 | D        | Found a radiant altar of Vehumet.
    95 | D        | Found a shimmering altar of Xom.
    96 | D        | Found a basalt altar of Yredelemnul.
    97 | D        | Found a glowing silver altar of Zin.
    98 | D        | Found a glowing golden altar of the Shining One.
   149 | D        | Noticed a bullfrog
   149 | D        | Noticed a phantom
   149 | D        | Noticed a bullfrog
   150 | D        | Reached skill level 5 in Fighting
   153 | D        | Killed a bullfrog
   153 | D        | Gained mutation: You sometimes gain a little power by taking damage. [demonic ancestry]
   153 | D        | Reached XP level 5. HP: 46/46 MP: 5/5
   177 | D        | HP: 2/46 [something (5)]
   177 | D        | Slain by an unseen horror

Skill      XL: |  1  2  3  4 |
---------------+-------------+-----
Long Blades    | 3 4 5 |  5.7
Dodging        | 3 5 |  5.7
Armour         | 1 2 4 |  4.8
Fighting       | 3 4 5 |  5.7
Throwing       | |  1.7

Action                   |  1- 3 |  4- 6 || total
-------------------------+-------+-------++-------
Melee: Long sword        |    28 |       ||    28
       Scimitar          |       |    22 ||    22
       Headbutt          |       |     8 ||     8
  Use: Potion            |     4 |     3 ||     7
Armor: Leather armour    |     7 |       ||     7
       Ring mail         |       |    15 ||    15
Dodge: Dodged            |    28 |    36 ||    64
       Rpst.: Long sword |     7 |       ||     7
       Scimitar          |       |     4 ||     4
